 Dungeon Crawl Stone Soup version 0.28-a0-1412-gf95308ed99 (webtiles) character file.

Game seed: 790246626216417598

2379 Malachi the Cleaver (level 9, -2/63 (69) HPs)
             Began as a Demonspawn Berserker on Jan 7, 2022.
             Was a Priest of Trog.
             Slain by a wight (15 damage)
             ... on level 7 of the Dungeon.
             The game lasted 00:09:12 (7875 turns).

Malachi the Cleaver (Demonspawn Berserker)          Turns: 7875, Time: 00:09:12

HP:   -2/63 (69)    AC:  7    Str: 21    XL:     9   Next: 22%
MP:   9/9           EV: 11    Int:  9    God:    Trog [***...]
Gold: 127           SH:  0    Dex: 13    Spells: 8/8 levels left

rFire   . . .      SeeInvis .   j - +5 broad axe (elec)
rCold   . . .      Faith    .   (no shield)
rNeg    . . .      Spirit   .   n - +0 scale mail
rPois   .          Reflect  .   (helmet restricted)
rElec   .          Harm     .   (no cloak)
rCorr   .          Rampage  .   (no gloves)
Will    .....                   (no boots)
Stlth   ..........              (no amulet)
HPRegen 0.20/turn               (no ring)
MPRegen 0.11/turn               (no ring)

@: drained
A: hooves 1, horns 1, ignite blood 2, powered by death 1
a: Renounce Religion, Berserk, Trog's Hand


You were on level 7 of the Dungeon.
You worshipped Trog.
Trog was most pleased with you.
You visited 1 branch of the dungeon, and saw 7 of its levels.
You also visited: Ossuary.

You collected 310 gold pieces.
You spent 183 gold pieces at shops.

Inventory:

Hand Weapons
 j - a +5 broad axe of electrocution (weapon)
 q - the +9 mace "Mit Paod" {freeze, rCorr Str+3}
   (You found it on level 4 of the Dungeon)

   It freezes those it strikes, dealing additional cold damage.
   It can also slow down cold-blooded creatures.
   Str:       It affects your strength (+3).
   rCorr:     It protects you from acid and corrosion.
Armour
 n - a +0 scale mail (worn)
 w - a +0 kite shield
Jewellery
 o - a ring of fire
 x - the ring "Eteedoir" {rF- MP+9 EV+4 Dex+2}
   (You found it on level 5 of the Dungeon)

   [ring of evasion]

   EV:        It affects your evasion (+4).
   Dex:       It affects your dexterity (+2).
   rF:        It makes you vulnerable to fire.
   MP:        It affects your magic capacity (+9).
Wands
 r - a wand of mindburst (14)
 s - a wand of digging (6)
Scrolls
 a - a scroll of vulnerability
 e - a scroll of fear
 h - 4 scrolls of fog
 m - 3 scrolls of teleportation
 t - a scroll of immolation
 y - a scroll of identify
 z - a scroll of blinking {unknown}
Potions
 b - a potion of cancellation {unknown}
 c - 4 potions of heal wounds
 d - 4 potions of berserk rage {unknown}
 f - 4 potions of lignification
 g - 2 potions of degeneration {unknown}
 i - 6 potions of curing
 k - a potion of attraction
 l - a potion of ambrosia {unknown}
 p - a potion of mutation {unknown}
 u - a potion of brilliance {unknown}
 v - 3 potions of flight {unknown}
 A - 2 potions of resistance {unknown}


   Skills:
 + Level 5.9 Fighting
 + Level 8.3 Axes
 + Level 6.0 Armour
 + Level 3.6 Dodging
 + Level 1.1 Stealth
 + Level 0.3 Evocations


You had 8 spell levels left.
You didn't know any spells.
Your spell library was empty.

Dungeon Overview and Level Annotations

Branches:
Dungeon (7/15)             Temple (0/1) D:6         Ossuary (visited)

Altars:
Elyvilon
Okawaru
Qazlal

Shops:
D:3 (   D:6 *


Innate Abilities, Weirdness & Mutations

You have large cloven feet.
You have a pair of small horns on your head.
Your demonic aura often causes spilled blood to erupt in flames.
You regenerate a little health from kills.


Message History

The wight hits you with a +5 hand axe.
Things that are here:
a +0 dagger; a +0 robe You closely miss the wight.
You kick the wight, but do no damage. You headbutt the wight.
The wight is moderately damaged.
The wight hits you with a +5 hand axe!
You barely miss the wight.
The wight is moderately damaged.
You hit the wight. The wight hits you with a +0 battleaxe!
You feel drained. The wight closely misses you.
You slice the wight!!
You destroy the wight!
Trog accepts your kill.
You barely miss the wight. The wight hits you with a +5 hand axe.
You feel drained.
Your Armour skill increases to level 6!
You hit the wight. Lightning courses through the wight!
You destroy the wight!
Trog accepts your kill.
You hit the wight. The wight hits you with a +4 scimitar!
You feel drained.
Unknown command.
You are too injured to fight recklessly!
You are too injured to fight recklessly!
You are too injured to fight recklessly!
You are too injured to fight recklessly!
You slash the wight! Your kick misses the wight.
Your headbutt misses the wight.
The wight is almost destroyed.
The wight hits you with a +4 scimitar.
You feel drained.
You barely miss the wight.
The wight is almost destroyed.
The wight hits you with a +4 scimitar!
* * * LOW HITPOINT WARNING * * *
You feel drained.
* * * LOW HITPOINT WARNING * * *
You barely miss the wight. You kick the wight, but do no damage.
The wight is almost destroyed.
The wight hits you with a +4 scimitar!
You die...

# .$ .# ##. .#...
##########.#.# .#
##@.$..#......###)#
......z)................
....#...................
.. #...................
#...................
#...................
#...................
#...................
#.............()...


You could see a wight.

Vanquished Creatures
  A water moccasin (D:6)
  An orc warrior (D:7)
  2 black bears
  2 ogres
  A scorpion (D:5)
  5 water moccasin zombies (Ossuary)
  A wyvern skeleton (D:5)
  A water moccasin skeleton (D:5)
  3 wights (D:7)
  A bullfrog zombie (D:5)
  2 centaur zombies
  4 jellies
  2 hounds (D:5)
  2 orc priests
  A centaur skeleton (D:4)
  A scorpion zombie (D:5)
  Jessica (D:2)
  5 iguanas
  Natasha (twice) (D:2)
  An orc wizard (D:7)
  A killer bee zombie (D:5)
  A hound skeleton (D:4)
  2 mummies (Ossuary)
  7 gnolls
  A howler monkey skeleton (D:5)
  6 adders
  2 river rats (D:5)
  2 white imps
  3 adder zombies (Ossuary)
  A worm (D:2)
  3 dart slugs
  15 orcs
  6 endoplasms
  4 giant cockroaches
  6 gnoll zombies (Ossuary)
  4 hobgoblins
  A quokka (D:5)
  7 ball pythons
  4 bats
  2 frilled lizards
  8 goblins
  5 hobgoblin zombies (Ossuary)
  7 kobolds
  3 kobold zombies (Ossuary)
  5 orc zombies (Ossuary)
  3 rats
148 creatures vanquished.

Vanquished Creatures (others)
  13 fungi (D:4)
  40 plants (D:7)
53 creatures vanquished.

Grand Total: 201 creatures vanquished

Notes
Turn   | Place    | Note
-------+----------+-------------------------------------------
     0 | D:1      | Malachi the Demonspawn Berserker began the quest for the
                  | Orb.
     0 | D:1      | Reached XP level 1. HP: 18/18 MP: 1/1
   558 | D:1      | Gained mutation: Your demonic aura sometimes causes spilled
                  | blood to erupt in flames. [demonic ancestry]
   558 | D:1      | Reached XP level 2. HP: 21/24 MP: 2/2
   636 | D:1      | Reached skill level 3 in Axes
  1339 | D:2      | Noticed Natasha
  1346 | D:2      | Noticed a crimson imp
  1351 | D:2      | Killed Natasha
  1352 | D:2      | Reached XP level 3. HP: 20/29 MP: 3/3
  1612 | D:2      | Noticed Jessica
  1621 | D:2      | Killed Jessica
  1622 | D:2      | Reached XP level 4. HP: 22/37 MP: 4/4
  2431 | D:2      | Noticed Natasha
  2439 | D:2      | Killed Natasha
  3268 | D:3      | Discovered your monstrous ancestry.
  3268 | D:3      | Gained mutation: You have large cloven feet. [demonic
                  | ancestry]
  3268 | D:3      | Reached XP level 5. HP: 42/42 MP: 5/5
  3278 | D:3      | Reached ** piety under Trog
  3480 | D:3      | Noticed an ogre
  3486 | D:3      | Killed an ogre
  3487 | D:3      | Reached skill level 4 in Axes
  3750 | D:3      | Found Rusalej's Antique Weapon Boutique.
  3795 | D:3      | Found a faded altar of an unknown god.
  3939 | D:3      | Bought a runed broad axe for 161 gold pieces
  3994 | D:4      | Reached XP level 6. HP: 46/48 MP: 6/6
  4233 | D:4      | Identified the +9 mace "Mit Paod" {freeze, rCorr Str+3}
  4292 | D:4      | Found an iron altar of Okawaru.
  4878 | D:4      | Found a stormy altar of Qazlal.
  4922 | D:5      | Entered Level 5 of the Dungeon
  5002 | D:5      | Found a sand-covered staircase.
  5008 | Ossuary  | Entered an ossuary
  5025 | Ossuary  | Reached skill level 5 in Axes
  5029 | Ossuary  | Gained mutation: You have a pair of small horns on your
                  | head. [demonic ancestry]
  5029 | Ossuary  | Reached XP level 7. HP: 45/55 MP: 7/7
  5235 | Ossuary  | Reached *** piety under Trog
  5255 | Ossuary  | Reached skill level 1 in Stealth
  5409 | D:5      | Identified the ring "Eteedoir" {rF- MP+9 EV+4 Dex+2}
  5546 | D:5      | Reached skill level 6 in Axes
  5552 | D:5      | Reached skill level 5 in Fighting
  5552 | D:5      | Gained mutation: You regenerate a little health from kills.
                  | [demonic ancestry]
  5552 | D:5      | Reached XP level 8. HP: 47/62 MP: 8/8
  6380 | D:5      | Reached skill level 7 in Axes
  6677 | D:6      | Reached skill level 5 in Armour
  6686 | D:6      | Found Zohag's General Store.
  6698 | D:6      | Bought a scroll of identify for 22 gold pieces
  6865 | D:6      | Found a staircase to the Ecumenical Temple.
  6964 | D:6      | Gained mutation: Your demonic aura often causes spilled
                  | blood to erupt in flames. [demonic ancestry]
  6964 | D:6      | Reached XP level 9. HP: 48/69 MP: 9/9
  7630 | D:7      | Reached skill level 8 in Axes
  7875 | D:7      | Slain by a wight

Illustrated notes

Levels and vault maps discovered:
D:1:      zaba_arrival_water, layout_basic, roderic_serpentine_path
D:2:      layout_loops_corners, kennysheep_doodads, uniq_natasha, uniq_jessica
D:3:      layout_basic, serial_shops, nicolae_shop_trees,
          ebering_ecumenical_altar_hall, lemuel_another_geyser
D:4:      layout_loops_ring, general_overflow_altar,
          kennysheep_okawaru_gauntlet, serial_aquarium,
          aquarium_bridge_island_small [aquarium_subvault_small_open,
          aquarium_subvault_balcony, aquarium_subvault_bridge,
          aquarium_subvault_wall, aquarium_subvault_bridge], aquarium_window_1,
          aquarium_window_1, aquarium_window_1, aquarium_view_2c,
          aquarium_view_2e
D:5:      minmay_clustersquares, layout_loops_ring,
          mainiacjoe_overflow_boulevard, portal_sewer_entry_a,
          nicolae_ossuary_entry_plus, minmay_misc_feat_encased
D:6:      layout_loops_ring, minmay_temple_entry_tees, serial_shops, shop,
          abandoned_shop, glass_columns_b
D:7:      nzn_winding_woodlands_large [nzn_winding_woodlands_5x5_default,
          nzn_winding_woodlands_5x15_pool, nzn_winding_woodlands_5x5_perimeter,
          nzn_winding_woodlands_center_diamonds,
          nzn_winding_woodlands_15x15_five_gardens,
          nzn_winding_woodlands_center_pierced_h,
          nzn_winding_woodlands_5x5_open_star,
          nzn_winding_woodlands_5x15_parted, nzn_winding_woodlands_5x5_three],
          layout_rooms, minmay_misc_feat_alley, uniq_maggie, uniq_harold

Skill      XL: |  1  2  3  4  5  6  7  8  9 |
---------------+----------------------------+-----
Axes           | 3 4 5 6 7 8 |  8.3
Armour         | 2 3 4 5 6 |  6.0
Dodging        | 2 3 |  3.6
Fighting       | 4 5 |  5.9
Stealth        | 1 |  1.1
Evocations     | |  0.3

Action                   |  1- 3 |  4- 6 |  7- 9 || total
-------------------------+-------+-------+-------++-------
Melee: Hand axe          |    75 |    84 |       ||   159
       Kick              |       |    19 |    39 ||    58
       Broad axe         |       |    43 |   165 ||   208
       Punch             |       |     1 |     1 ||     2
       Headbutt          |       |       |    36 ||    36
Invok: Berserk           |     2 |     2 |     2 ||     6
       Trog's Hand       |       |       |     1 ||     1
Evoke: Wand              |       |     3 |       ||     3
  Use: Scroll            |     4 |     2 |     4 ||    10
       Potion            |       |     1 |       ||     1
 Stab: Distracted        |       |     1 |       ||     1
Armor: Animal skin       |     5 |       |       ||     5
       Ring mail         |    19 |    12 |       ||    31
       Scale mail        |       |    44 |    49 ||    93
Dodge: Dodged            |    37 |    69 |    98 ||   204

Table legend: (Time is in decaauts)
 A = Elapsed time spent in this place.
 B = Non-inter-level travel time spent in this place.
 C = Inter-level travel time spent in this place.
 D = Time resting spent in this place.
 E = Time spent auto-exploring this place.
 F = Levels seen in this place.
 G = Mean time per level.
                   A        B        C        D        E       F      G
               +--------+--------+--------+--------+--------+-----+--------+
         Total |   8070 |   7711 |    359 |   1304 |   5114 |   8 | 1008.8 |
       Dungeon |   7683 |   7324 |    359 |   1304 |   4870 |   7 | 1097.6 |
       Ossuary |    387 |    387 |      0 |      0 |    244 |   1 |  387.0 |
               +--------+--------+--------+--------+--------+-----+--------+

Top non-repeatable levels by time:
     D:2: 1807 daAuts
     D:5: 1289 daAuts
     D:3: 1191 daAuts
     D:6: 1083 daAuts
     D:1: 1073 daAuts
     D:4: 964 daAuts
 Ossuary: 387 daAuts
     D:7: 273 daAuts
